Map: Ephemeron LE

Players

LiquidMaNa (MaNa)

  • Race: Protoss Protoss
  • League: Grandmaster
  • Spawn Location: 5:00

MarineLorD - Winner!

  • Race: Terran Terran
  • League: Master
  • Spawn Location: 11:00

Event: NationWars 2019

VOD

Have the link to the VOD?

Description

Time

  • Played on: Nov. 14, 2019, 11:48 a.m.
  • Length: 9:18
Show
View Real Time Build Order
Export as new Build Order

LiquidMaNa Protoss 

Build Orders: 1 Gate Expand, Blink Stalkers 

Get SALT Encoding   

  12  0:00  Probe  
  13  0:12  Probe  
  14  0:17  Pylon  
  14  0:24  Probe (Chrono Boost)  
  15  0:36  Probe (Chrono Boost)  
  15  0:37  Gateway  
  16  0:44  Probe (Chrono Boost)  
  16  0:46  Assimilator  
  17  0:51  Probe  
  18  1:03  Probe  
  19  1:15  Probe  
  20  1:24  Cybernetics Core  
  20  1:34  Nexus  
  20  1:42  Pylon  
  20  1:44  Probe  
  21  1:50  Assimilator  
  21  1:56  Probe  
  21  1:57  Adept (Chrono Boost)  
  24  2:08  Probe (Chrono Boost)  
  24  2:09  Warp Gate  
  25  2:20  Stalker (Chrono Boost), Probe (Chrono Boost)  
  28  2:28  Probe (Chrono Boost)  
  29  2:35  Probe  
  30  2:41  Twilight Council  
  29  2:47  Stalker (Chrono Boost), Probe  
  29  2:49  Probe  
  33  2:59  Probe  
  33  3:01  Probe  
  35  3:07  Pylon  
  35  3:10  Stalker  
  35  3:12  Probe  
  38  3:19  Probe  
  37  3:24  Probe  
  38  3:27  Blink (Chrono Boost)  
  38  3:33  Gateway  
  38  3:40  Gateway  
  38  3:45  Robotics Facility  
  38  3:46  Probe  
  39  3:48  Probe  
  40  3:58  Stalker  
  40  4:00  Probe x2  
  38  4:12  Probe (Chrono Boost)  
  38  4:13  Probe (Chrono Boost)  
  37  4:22  Stalker  
  41  4:24  Probe x2 (Chrono Boost)  
  41  4:28  Stalker  
  41  4:29  Probe (Chrono Boost)  
  41  4:31  Probe (Chrono Boost)  
  44  4:35  Stalker  
  47  4:47  Probe  
  42  4:56  Probe  
  43  5:01  Observer  
  43  5:02  Stalker x2  
  48  5:15  Probe x2  
  45  5:27  Probe x2 (Chrono Boost)  
  47  5:31  Assimilator  
  49  5:36  Probe x2 (Chrono Boost)  
  49  5:40  Pylon  
  49  5:41  Probe x2 (Chrono Boost)  
  49  5:43  Sentry  
  53  5:53  Probe  
  54  5:58  Probe  
  52  6:05  Probe, Robotics Bay  
  52  6:11  Probe (Chrono Boost)  
  50  6:13  Stalker x2  
  53  6:21  Pylon  
  53  6:22  Probe (Chrono Boost)  
  53  6:23  Probe (Chrono Boost)  
  53  6:25  Assimilator  
  54  6:27  Pylon  
  54  6:30  Probe (Chrono Boost)  
  54  6:31  Probe (Chrono Boost)  
  54  6:32  Observer (Chrono Boost)  
  57  6:37  Probe  
  58  6:41  Probe  
  58  6:46  Immortal (Chrono Boost)  
  59  6:49  Probe  
  59  6:53  Probe  
  65  7:00  Extended Thermal Lance, Pylon  
  65  7:01  Observer  
  65  7:03  Probe  
  65  7:06  Probe  
  65  7:07  Adept  
  69  7:15  Colossus (Chrono Boost)  
  69  7:20  Pylon  
  75  7:23  Charge, Observer  
  75  7:31  Nexus  
  75  7:33  Nexus  
  75  7:44  Forge  
  75  7:45  Gateway  
  74  7:54  Colossus (Chrono Boost)  
  74  7:55  Sentry  
  82  8:02  Sentry, Zealot  
  84  8:15  Pylon  
  84  8:18  Gateway  
  84  8:22  Zealot  
  78  8:30  Zealot  
  78  8:31  Zealot  
  76  8:35  Gateway  
  76  8:39  Zealot  
  84  8:43  Zealot  
  84  8:46  Probe x3  
  89  8:58  Probe  
  89  9:01  Zealot x2  
Show
View Real Time Build Order
Export as new Build Order

MarineLorD Terran - Winner!

Build Orders: Liberator Opening 

Get SALT Encoding   

  12  0:00  SCV  
  13  0:12  SCV  
  14  0:16  Supply Depot  
  14  0:24  SCV  
  15  0:38  SCV  
  15  0:39  Barracks  
  16  0:44  Refinery  
  16  0:50  SCV  
  17  1:02  SCV  
  18  1:14  SCV  
  19  1:26  Orbital Command, Marine  
  20  1:41  Command Center  
  20  1:53  Factory  
  20  1:56  SCV  
  21  2:04  Barracks Reactor  
  21  2:08  SCV  
  21  2:13  Supply Depot  
  22  2:20  SCV  
  22  2:21  Refinery  
  23  2:35  SCV  
  24  2:45  Starport  
  24  2:47  SCV  
  24  2:48  Marine, Hellion x2  
  30  2:59  SCV  
  30  3:03  Orbital Command  
  31  3:10  Hellion  
  32  3:13  SCV  
  32  3:16  Hellion  
  35  3:25  SCV  
  35  3:26  Medivac  
  38  3:29  SCV  
  39  3:38  SCV  
  40  3:42  Widow Mine x2  
  40  3:44  Supply Depot  
  40  3:48  Liberator, Supply Depot  
  44  3:51  SCV  
  45  3:58  SCV  
  46  4:06  SCV  
  48  4:10  SCV  
  43  4:17  Factory Tech Lab  
  43  4:18  SCV  
  43  4:19  Marine  
  43  4:20  Marine  
  43  4:21  Supply Depot  
  43  4:22  Bunker  
  46  4:28  Barracks  
  46  4:29  Barracks, SCV  
  46  4:30  SCV  
  48  4:37  Marine x2  
  50  4:40  Siege Tank  
  53  4:48  SCV  
  53  4:49  SCV  
  52  4:55  Marine x2  
  52  5:00  SCV  
  52  5:01  SCV  
  54  5:12  SCV, Siege Tank  
  54  5:13  SCV, Marine  
  57  5:14  Marine  
  57  5:20  Barracks Tech Lab  
  57  5:21  Marine  
  57  5:23  Engineering Bay  
  57  5:26  Supply Depot  
  57  5:31  Marine  
  57  5:32  SCV x2, Marine  
  61  5:38  Refinery  
  61  5:39  Marine  
  63  5:45  Siege Tank  
  66  5:50  Supply Depot  
  66  5:51  Marine x2, Barracks Tech Lab  
  66  5:53  Terran Infantry Weapons Level 1  
  66  5:56  Missile Turret  
  69  6:05  SCV  
  69  6:06  SCV  
  69  6:08  Marine  
  70  6:14  Stimpack, Marauder, Barracks Tech Lab  
  70  6:17  SCV  
  70  6:18  SCV  
  70  6:22  Refinery  
  70  6:23  Missile Turret, Supply Depot  
  70  6:29  SCV  
  70  6:30  SCV, Marine x2  
  70  6:31  Combat Shield  
  70  6:32  Marauder  
  76  6:35  Factory Reactor  
  76  6:37  Supply Depot  
  76  6:41  Marauder  
  78  6:48  Starport Reactor  
  78  6:49  Supply Depot  
  78  6:51  Marine x2  
  78  6:54  Marauder  
  82  7:02  Supply Depot  
  82  7:03  Marauder  
  84  7:08  Marine  
  84  7:09  Marine  
  84  7:11  Command Center  
  84  7:13  Widow Mine x2  
  90  7:18  Supply Depot x2  
  90  7:20  Marauder  
  92  7:25  Medivac x2  
  96  7:30  Marine x2  
  96  7:32  Marauder  
  96  7:36  Supply Depot  
  100  7:41  Marauder  
  102  7:50  Concussive Shells  
  102  7:51  Marine x2  
  104  7:53  Marauder  
  104  7:55  Medivac x2  
  104  7:56  Widow Mine x2  
  113  8:06  Barracks, SCV, Supply Depot  
  113  8:07  SCV  
  113  8:08  Barracks  
  113  8:18  SCV  
  113  8:19  SCV  
  104  8:27  Marine  
  104  8:28  Marauder  
  104  8:31  SCV x2, Medivac  
  106  8:39  Orbital Command  
  106  8:43  SCV x2, Marauder  
  110  8:53  Marine x2  
  110  8:54  Marauder  
  110  8:55  SCV  
Tags
 
Add a new tag
Caveats
  • Supply blocks, unpowered buildings, or Contaminate may cause inaccurate times.
  • Supply counts are checked every 10 seconds.